 Dungeon Crawl Stone Soup version 0.13-a0-2557-g7ea0453 (console) character file.

4424 Kellhus the Basher (level 8, -1/58 HPs)
             Began as a Mummy Chaos Knight on July 29, 2013.
             Was a Plaything of Xom.
             Slain by docbrown's ghost (23 damage)
             ... on Level 6 of the Dungeon.
             The game lasted 00:15:20 (6630 turns).

Kellhus the Basher (Mummy Chaos Knight)             Turns: 6630, Time: 00:15:21

HP  -1/58        AC 14     Str 17      XL: 8   Next:  2%
MP  17/17        EV  4     Int 11      God: Xom
Gold 3399        SH  0     Dex  8      Spells:  0 memorised,  7 levels left

Res.Fire  : x . .   See Invis. : .   a - +0,+2 orc flail
Res.Cold  : + . .   Warding    : .   l - +2 plate armour
Life Prot.: + + +   Conserve   : .   (no shield)
Res.Poison: +       Res.Corr.  : .   (no helmet)
Res.Elec. : .       Clarity    : .   i - +1 dwarf cloak
Sust.Abil.: . .     Spirit.Shd : .   (no gloves)
Res.Mut.  : .       Stasis     : .   (no boots)
Res.Rott. : +       Flight     : .   (no amulet)
Saprovore : . . .                    s - ring of magical power
                                     f - -3 ring of dexterity

@: confused, glowing, somewhat resistant to hostile enchantments, extremely
unstealthy
A: no food or potions, fire vulnerability, restore body, cold resistance 1, life
protection 3, poison resistance, torment resistance, unbreathing
a: Renounce Religion


You were on level 6 of the Dungeon.
You worshipped Xom.
You were Xom's teddy bear.
You were not hungry.

You visited 1 branch of the dungeon, and saw 7 of its levels.

You collected 3379 gold pieces.

Inventory:

Hand weapons
 a - a +0,+2 orcish flail (weapon)
 b - a +0 blowgun
 j - a +1,+1 dagger of speed (quivered)
 n - a -2,+0 orcish hand axe
 q - a +2,+0 flail of holy wrath
 t - a +1,+0 whip of flaming
 v - a +0,+0 mace of chaos
Missiles
 m - 17 poisoned needles
Armour
 i - a +1 dwarven cloak (worn)
 l - a +2 plate armour (worn)
 r - a +2 leather armour
 u - a +2 elven robe of fire resistance
Scrolls
 c - 2 scrolls of curse jewellery {unknown}
 d - a scroll of curse weapon {unknown}
 e - 2 scrolls of remove curse
 g - 2 scrolls of random uselessness {unknown}
 h - 5 scrolls of teleportation
 k - 6 scrolls of identify {unknown}
 o - 4 scrolls of magic mapping
 p - a scroll of enchant armour {unknown}
 w - a scroll of fog {unknown}
Jewellery
 f - a -3 ring of dexterity (left hand)
 s - a ring of magical power (right hand)


   Skills:
 - Level 3.0 Fighting
 + Level 8.2 Maces & Flails
 - Level 1.5 Armour
 - Level 0.7 Dodging


You had 7 spell levels left.
You didn't know any spells.

Dungeon Overview and Level Annotations

Branches:
Dungeon (7/27)             Temple (0/1) D:4
    Orc: D:6-11

Altars:
Fedhas
Nemelex Xobeh
Xom
Yredelemnul

Annotations
D:6 docbrown's ghost, experienced SpEn


Innate Abilities, Weirdness & Mutations

You do not eat or drink.
Your flesh is vulnerable to fire.
Your flesh is cold resistant.
You are immune to negative energy.
Your system is resistant to poisons.
You are immune to unholy pain and torment.
You can survive without breathing.


Message History

Docbrown's ghost whispers: "Through my death, I saw my mistakes, and the mistakes of many more..."
Docbrown's ghost points at you and mumbles some strange words.
You are confused.
Docbrown's ghost gestures at you while chanting.
You are more confused.
Docbrown's ghost hits you but does no damage.
Ouch!
Docbrown's ghost hits you but does no damage.
You are electrocuted!
You're too confused!
Ouch!
The area is suffused with divine lightning!
The blast of lightning engulfs you! You resist.
The blast of lightning engulfs docbrown's ghost.
Your divine protection wanes.
You hear a bark!
Docbrown's ghost hits you but does no damage.
You are electrocuted!
You die...
Xom giggles madly!

#.....#
#####.....######
................#
................#
....!......!....#
#####.....######
#.....# #.....#
#....@# #....p#
#...>.# #.....#
#.....# #.....#
#.....# #.....#
#.....#


You could see docbrown's ghost (inner flame).

Vanquished Creatures
  An ice beast (D:5)
  An ogre (D:5)
  Sigmund (D:3)
  A crimson imp (D:5)
  An orc priest (D:5)
  An orc wizard (D:4)
  A hound (D:4)
  A scorpion (D:5)
  5 worker ants
  Ijyb (D:2)
  4 gnolls (D:3)
  7 adders
  A worm zombie (D:5)
  4 worms
  An ooze (D:2)
  12 orcs
  2 ball pythons
  14 bats
  12 goblins
  14 hobgoblins
  12 jackals
  A quokka (D:2)
  2 giant geckos
  7 giant newts
  A giant newt skeleton (D:4)
  A hobgoblin skeleton (D:6)
  A hobgoblin zombie (D:5)
  19 kobolds
  10 rats
  A rat skeleton (D:4)
140 creatures vanquished.

Vanquished Creatures (collateral kills)
  Pikel (D:4)
  A hog (D:4)
  A goblin skeleton (D:4)
3 creatures vanquished.

Vanquished Creatures (others)
  A quasit (D:4)
  An adder (D:3)
  A lemure (D:4)
  A giant gecko (D:2)
  An orc (D:4)
  A hobgoblin (D:4)
  A giant newt (D:4)
  A rat (D:3)
8 creatures vanquished.

Grand Total: 151 creatures vanquished

Notes
Turn   | Place    | Note
--------------------------------------------------------------
     0 | D:1      | Kellhus, the Mummy Chaos Knight, began the quest for the Orb.
     0 | D:1      | Reached XP level 1. HP: 16/16 MP: 1/1
    25 | D:1      | XOM: harmless Tloc miscast
    57 | D:1      | XOM: inner flame monster(s)
    90 | D:1      | XOM: inner flame monster(s)
   600 | D:1      | XOM: harmless Necr miscast
   780 | D:1      | Reached XP level 2. HP: 20/22 MP: 2/2
  1023 | D:1      | XOM: summons 1 hostile demon
  1053 | D:2      | Reached XP level 3. HP: 21/28 MP: 3/3
  1442 | D:1      | XOM: silly message
  1553 | D:1      | XOM: noise
  1855 | D:2      | Found a basalt altar of Yredelemnul.
  1855 | D:2      | XOM: 6-stop teleportation journey
  1931 | D:2      | Noticed Ijyb
  1936 | D:2      | XOM: blink monster(s)
  1946 | D:2      | Reached skill level 4 in Maces & Flails
  1947 | D:2      | XOM: confusion (+ monsters)
  1976 | D:2      | XOM: mild Tloc miscast
  2004 | D:2      | Killed Ijyb
  2004 | D:2      | Reached XP level 4. HP: 19/34 MP: 4/4
  2063 | D:2      | XOM: medium Necr miscast
  2118 | D:2      | XOM: harmless Tloc miscast
  2149 | D:2      | Found a shimmering altar of Xom.
  2300 | D:2      | XOM: polymorph kobold -> hobgoblin
  2463 | D:2      | XOM: scenery: create altars
  2962 | D:3      | Reached XP level 5. HP: 37/39 MP: 5/5
  2999 | D:3      | Noticed Sigmund
  3001 | D:3      | XOM: harmless Chrm miscast
  3093 | D:4      | XOM: harmless Pois miscast
  3162 | D:4      | XOM: confuse monster(s)
  3166 | D:4      | XOM: god gift: 3170 gold pieces
  3207 | D:4      | Reached skill level 5 in Maces & Flails
  3454 | D:4      | Noticed a slave
  3473 | D:4      | XOM: summons friendly shadow imp
  3481 | D:3      | Killed Sigmund
  3623 | D:3      | XOM: polymorph giant cockroach -> ball python
  3849 | D:3      | XOM: divination: detect items
  3863 | D:3      | Reached XP level 6. HP: 38/46 MP: 6/6
  4168 | D:3      | XOM: vitrification
  4241 | D:4      | Noticed a slave
  4548 | D:4      | Noticed a slave
  4549 | D:4      | XOM: enchant monster (good)
  4567 | D:4      | Noticed a hog
  4567 | D:4      | a slave changed into a hog
  4570 | D:4      | XOM: enchant monster (good)
  4573 | D:4      | Noticed Pikel
  4576 | D:4      | XOM: mild Necr miscast
  4578 | D:4      | XOM: summons friendly quasit
  4580 | D:4      | Noticed a slave
  4585 | D:4      | Killed Pikel
  4585 | D:4      | Reached skill level 6 in Maces & Flails
  4585 | D:4      | Reached XP level 7. HP: 42/51 MP: 7/7
  4598 | D:4      | XOM: enchant monster (good)
  4617 | D:4      | Found a blossoming altar of Fedhas.
  4623 | D:4      | XOM: cast spell 'Death Channel'
  4625 | D:4      | XOM: summons 6 friendly demons
  4632 | D:4      | Killed a hog
  4646 | D:4      | Found a staircase to the Ecumenical Temple.
  4947 | D:4      | Noticed an ogre
  4977 | D:4      | XOM: cast spell 'Cause Fear'
  5061 | D:3      | Reached skill level 7 in Maces & Flails
  5308 | D:5      | Entered Level 5 of the Dungeon
  5541 | D:5      | XOM: silly message
  5724 | D:5      | XOM: potion effect (agility)
  6342 | D:5      | XOM: confuse monster(s)
  6352 | D:5      | XOM: god gift: scroll labeled BACHEG MUONURUUNY
  6357 | D:5      | Reached skill level 8 in Maces & Flails
  6415 | D:5      | Reached XP level 8. HP: 56/58 MP: 8/8
  6491 | D:5      | XOM: 4-stop teleportation journey
  6590 | D:6      | Found a sparkling altar of Nemelex Xobeh.
  6617 | D:6      | Noticed docbrown's ghost (experienced SpEn)
  6622 | D:6      | XOM: inner flame monster(s)
  6630 | D:6      | XOM: divine lightning (protected)
  6630 | D:6      | Slain by docbrown's ghost

Action                   |  1- 3 |  4- 6 |  7- 9 || total
-------------------------+-------+-------+-------++-------
Melee: Mace              |   181 |   266 |       ||   447
       Flail             |       |       |   113 ||   113
       Whip              |       |       |    40 ||    40
 Fire: Blowgun           |       |       |    17 ||    17
  Use: Scroll            |       |       |     4 ||     4
 Stab: Confused          |     2 |     1 |     1 ||     4
       Paralysed         |       |     4 |       ||     4
       Petrifying        |       |     1 |       ||     1
